 Dungeon Crawl Stone Soup version 0.29-a0-43-g62a80824bf (webtiles) character file.

Game seed: 18246004558979558240

89 wilfster70 the Chiller (level 4, -1/33 HPs)
             Began as a Ghoul Ice Elementalist on Feb 2, 2022.
             Slain by a bullfrog skeleton (5 damage)
             ... on level 4 of the Dungeon.
             The game lasted 00:08:09 (3365 turns).

wilfster70 the Chiller (Ghoul Ice Elementalist)     Turns: 3365, Time: 00:08:10

Health: -1/33      AC: 11    Str: 11    XL:     4   Next: 55%
Magic:  7/7        EV: 12    Int: 12    God:
Gold:   119        SH:  0    Dex:  9    Spells: 5/9 levels left

rFire   x . .      SeeInvis .   a - +0 dagger (protect)
rCold   + + .      Faith    .   (no shield)
rNeg    + + +      Spirit   .   d - +0 robe
rPois   ∞          Reflect  .   m - +0 helmet
rElec   .          Harm     .   (no cloak)
rCorr   .          Rampage  .   (no gloves)
Will    .....                   f - +0 pair of boots
Stlth   ++........              (no amulet)
HPRegen 0.00/turn               g - ring of ice
MPRegen 0.10/turn               (no ring)

@: under a protective aura, inhibited regen
A: claws 1, cold resistance 1, negative energy resistance 3, inhibited
regeneration, torment resistance 2
a: no special abilities


You were on level 4 of the Dungeon.
You visited 1 branch of the dungeon, and saw 5 of its levels.

You collected 119 gold pieces.

Inventory:

Hand Weapons
 a - a +0 dagger of protection (weapon)
 b - a +0 hunting sling
Missiles
 c - 134 stones
 k - 39 sling bullets
Armour
 d - a +0 robe (worn)
 f - a +0 pair of boots (worn)
 m - a +0 helmet (worn)
Jewellery
 e - an amulet of reflection
 g - a ring of ice (left claw)
Scrolls
 h - a scroll of teleportation
 i - a scroll of torment
 j - 2 scrolls of amnesia {unknown}
 n - a scroll of vulnerability {unknown}


   Skills:
 - Level 1.7 Dodging
 - Level 2.1 Stealth
 + Level 3.0 Spellcasting
 + Level 5.5 Ice Magic


You had 5 spell levels left.
You knew the following spells:

 Your Spells              Type           Power      Damage    Failure   Level
a - Freeze                Ice            88%        1d10      2%          1
b - Frozen Ramparts       Ice            44%        1d6       8%          3

Your spell library contained the following spells:

 Spells                   Type           Power      Damage    Failure   Level
 Ozocubu's Armour         Ice            22%        N/A       8%          3
 Ensorcelled Hibernation  Hex/Ice        24%        N/A       12%         2
 Passwall                 Tmut/Erth      0%         N/A       36%         2
 Swiftness                Air            1%         N/A       58%         3
 Hailstorm                Conj/Ice       12%        3d5       61%         4
 Anguish                  Hex/Necr       0%         N/A       94%         4
 Spider Form              Tmut/Pois      Unusable   N/A       N/A         3

Dungeon Overview and Level Annotations

Branches:
Dungeon (5/15)
 Temple: D:4-7

Altars:

Shops:
D:2 *   D:5 *


Innate Abilities, Weirdness & Mutations

You thrive by killing the living.
You are immune to poison.
You have sharp fingernails.
Your flesh is cold resistant. (rC+)
You are immune to negative energy. (rN+++)
You do not regenerate when monsters are visible.
You are immune to unholy pain and torment.


Message History

The bullfrog skeleton hits you.
Casting: Freeze (safe; 2% risk of failure)
Confirm with . or Enter, or press ? or * to list all spells.
Aiming: Freeze (safe; 2% risk of failure)
Press: ? - help, Shift-Dir - straight line, f/p - bullfrog skeleton
Aim: a bullfrog skeleton (moderately damaged)
You feel a surge of power!
You freeze the bullfrog skeleton.
The bullfrog skeleton resists.
The bullfrog skeleton is moderately damaged.
The bullfrog skeleton hits you.
The bullfrog skeleton hits you but does no damage. x2
The bullfrog skeleton hits you. The bullfrog skeleton hits you.
* * * LOW HITPOINT WARNING * * *
The bullfrog skeleton closely misses you.
The endoplasm hits you.
* * * LOW HITPOINT WARNING * * *
The endoplasm barely misses you. The endoplasm closely misses you.
The endoplasm freezes you.
You are frozen.
You resist.
* * * LOW HITPOINT WARNING * * *
The bullfrog skeleton closely misses you.
The bullfrog skeleton hits you.
* * * LOW HITPOINT WARNING * * *
It was a potion of berserk rage.
You feel slightly irritated. The bullfrog skeleton hits you.
* * * LOW HITPOINT WARNING * * *
The endoplasm freezes you.
You are frozen.
You resist.
* * * LOW HITPOINT WARNING * * *
Your +0 dagger of protection hums with potential!
a - a +0 dagger of protection (weapon)
The bullfrog skeleton misses you.
You hit the bullfrog skeleton.
Your weapon exudes an aura of protection.
The bullfrog skeleton is moderately damaged.
The endoplasm freezes you.
You are frozen.
You resist. The bullfrog skeleton hits you.
You die...

######################
#....................#
#..............###..##
#..............###.##
#..............#...#
#..............#.###
###....ZJ..........#
#......@Z$........##
.......?..........#
..................#
.##...............#
###.##.........## #.
#(........#
.....(...†...#
..(...!.......#
...........>.##


You could see an endoplasm, a bullfrog skeleton and a howler monkey skeleton.

Vanquished Creatures
  3 adders
  2 dart slugs
  3 bats (D:1)
  8 endoplasms
  3 giant cockroaches
  5 goblins
  2 hobgoblins (D:2)
  7 jackals
  4 quokkas
  5 frilled lizards
  5 kobolds
  5 rats
52 creatures vanquished.

Vanquished Creatures (others)
  5 toadstools (D:1)
5 creatures vanquished.

Grand Total: 57 creatures vanquished

Notes
Turn   | Place    | Note
-------+----------+-------------------------------------------
     0 | D:1      | wilfster70 the Ghoul Ice Elementalist began the quest for
                  | the Orb.
     0 | D:1      | Reached XP level 1. HP: 14/14 MP: 2/2
   894 | D:1      | Reached XP level 2. HP: 11/20 MP: 0/4
  1089 | D:1      | Found a faded altar of an unknown god.
  1519 | D:1      | Reached XP level 3. HP: 13/26 MP: 0/5
  1523 | D:1      | Learned a level 3 spell: Frozen Ramparts
  1974 | D:2      | Reached skill level 5 in Ice Magic
  2625 | D:2      | Reached XP level 4. HP: 33/33 MP: 4/7
  2821 | D:2      | Found Iboist's General Store.
  3275 | D:3      | You fall into a shaft and drop 2 floors!
  3275 | D:5      | Entered Level 5 of the Dungeon
  3300 | D:5      | Found Ybicotro's General Store.
  3365 | D:4      | Slain by a bullfrog skeleton

Illustrated notes

Levels and vault maps discovered:
D:1:      ldierk_walled_garden, layout_basic,
          shapermc_ecumenical_altar_acropolis
D:2:      layout_basic, serial_shops, shop_statue
D:3:      layout_rooms
D:4:      layout_rooms, uniq_robin
D:5:      layout_basic, serial_shops, shop, st_stairs_8

Skill      XL: |  1  2  3  4 |
---------------+-------------+-----
Spellcasting   | 2 3 |  3.0
Ice Magic      | 5 |  5.5
Dodging        | |  1.7
Stealth        | |  2.1

Action                   |  1- 3 |  4- 6 || total
-------------------------+-------+-------++-------
Melee: Unarmed           |    30 |       ||    30
       Dagger            |    46 |     2 ||    48
       Punch             |     2 |       ||     2
 Fire: Hunting sling     |       |    15 ||    15
 Cast: Freeze            |    39 |    11 ||    50
       Frozen Ramparts   |     2 |     2 ||     4
  Use: Scroll            |     4 |     2 ||     6
       Potion            |       |     1 ||     1
 Stab: Sleeping          |       |     1 ||     1
Armor: Robe              |    33 |     6 ||    39
Dodge: Dodged            |    63 |    10 ||    73

Table legend: (Time is in decaauts)
 A = Elapsed time spent in this place.
 B = Non-inter-level travel time spent in this place.
 C = Inter-level travel time spent in this place.
 D = Time resting spent in this place.
 E = Time spent auto-exploring this place.
 F = Levels seen in this place.
 G = Mean time per level.
                   A        B        C        D        E       F      G
               +--------+--------+--------+--------+--------+-----+--------+
         Total |   3365 |   3313 |     52 |    916 |   1428 |   5 |  673.0 |
       Dungeon |   3365 |   3313 |     52 |    916 |   1428 |   5 |  673.0 |
               +--------+--------+--------+--------+--------+-----+--------+

Top non-repeatable levels by time:
     D:1: 1905 daAuts
     D:2: 1110 daAuts
     D:3: 260 daAuts
     D:4: 60 daAuts
     D:5: 28 daAuts
